Map: Sentinel CE

Players

Warchild

  • Race: Terran Terran

skoddet

  • Race: Protoss Protoss

Timm

  • Race: Protoss Protoss

Vperde - Winner!

  • Race: Terran Terran

Dash - Winner!

  • Race: Terran Terran

Miami - Winner!

  • Race: Protoss Protoss

VOD

Have the link to the VOD?

Description

Time

  • Played on: April 4, 2026, 11:50 a.m.
  • Length: 18:09
Show
View Real Time Build Order
Export as new Build Order

Warchild Terran 

Build Orders:  

Get SALT Encoding   

  12  0:02  SCV  
  13  0:14  SCV  
  14  0:26  Supply Depot  
  14  0:28  SCV  
  15  0:36  Refinery  
  15  0:49  Barracks  
  15  0:52  SCV  
  16  1:06  SCV  
  16  1:08  Barracks  
  17  1:19  SCV  
  18  1:43  Command Center  
  18  1:45  Marine  
  19  1:54  Orbital Command  
  19  2:13  Supply Depot  
  19  2:16  Marine  
  20  2:24  SCV  
  21  2:57  Barracks Tech Lab  
  21  3:09  Factory  
  21  3:20  Supply Depot  
  21  3:25  Combat Shield  
  21  3:46  Engineering Bay  
  21  3:49  Orbital Command  
  21  3:50  SCV  
  21  3:52  Marine x2  
  24  4:01  Factory Tech Lab  
  24  4:02  SCV  
  25  4:14  Marine x2, SCV  
  25  4:16  SCV  
  29  4:23  Siege Tank  
  32  4:26  SCV  
  32  4:28  SCV  
  32  4:29  Terran Infantry Weapons Level 1  
  34  4:36  Missile Turret  
  34  4:38  SCV  
  34  4:42  Missile Turret  
  35  4:50  Refinery  
  35  4:56  Starport  
  35  5:01  Barracks x2  
  35  5:04  Refinery  
  35  5:15  Barracks Reactor  
  35  5:33  Stimpack  
  35  5:42  SCV x2, Refinery  
  37  5:48  Starport Reactor  
  37  5:54  SCV x2  
  39  6:00  Armory  
  39  6:06  Command Center, Barracks Reactor, SCV x2, Engineering Bay  
  39  6:07  Barracks Reactor  
  39  6:09  Marine x2  
  39  6:10  Marine  
  44  6:18  SCV x2  
  46  6:27  Marine  
  46  6:28  Medivac  
  46  6:29  Viking  
  46  6:30  SCV x2  
  53  6:33  Marine  
  54  6:40  Terran Infantry Armor Level 1  
  54  6:56  Supply Depot  
  54  7:00  Supply Depot  
  54  7:09  Marine x7  
  54  7:11  Terran Infantry Weapons Level 2  
  54  7:14  Terran Vehicle And Ship Armor Level 1  
  61  7:17  Viking  
  63  7:26  Marine  
  64  7:34  Marine  
  64  7:35  Marine x5  
  70  7:43  Medivac  
  72  7:44  Marine  
  72  7:47  Viking  
  75  7:52  Marine  
  75  7:53  Marine x5  
  75  7:54  Missile Turret  
  75  7:56  Missile Turret  
  75  7:57  Missile Turret  
  81  7:58  Missile Turret  
  81  8:02  Planetary Fortress  
  81  8:11  SCV x2  
  83  8:19  Supply Depot  
  83  8:23  SCV x2, Supply Depot  
  85  8:28  Siege Tank  
  85  8:33  Medivac  
  90  8:35  Marine, SCV  
  92  8:51  Medivac  
  92  8:52  Marine  
  92  8:53  Marine x5  
  100  8:57  SCV  
  100  8:58  SCV  
  102  9:03  Terran Infantry Armor Level 2  
  102  9:08  Terran Vehicle Weapons Level 1  
  102  9:18  Siege Tank  
  102  9:20  Marine x4  
  109  10:03  Terran Infantry Weapons Level 3  
  109  10:07  Command Center  
  109  10:16  Drilling Claws  
  109  10:27  Supply Depot x2  
  109  10:28  Supply Depot  
  109  10:30  Supply Depot  
  109  10:41  Refinery  
  109  10:48  Viking, Medivac, Marine x6, SCV, Siege Tank  
  109  10:49  SCV x2  
  125  10:50  Marine  
  126  11:01  SCV  
  127  11:06  Marine x6  
  127  11:07  Marine  
  134  11:21  Widow Mine  
  134  11:24  Marine x6  
  142  11:25  Marine  
  125  11:42  Widow Mine  
  121  11:54  Marine  
  121  11:55  Marine x6  
  128  12:03  Siege Tank  
  130  12:12  Marine  
  130  12:13  Marine x6  
  132  12:30  Marine x3  
  132  12:35  Siege Tank  
  132  12:47  Marine x2  
  93  13:26  Marine  
  90  13:27  Medivac x2  
  94  13:37  Marine  
  94  13:45  Marine  
  94  13:46  Marine x5  
  88  13:55  Marine  
  73  13:57  Medivac x2  
  60  14:03  Marine  
  60  14:04  Marine x5  
  58  14:12  Marine  
  55  14:21  Marine  
  55  14:22  Marine x5  
  61  14:27  Medivac x2  
  61  14:29  Cyclone  
  61  14:30  Marine  
  69  14:39  Marine x4  
  69  14:40  Marine  
  69  14:41  Marine  
  72  14:48  Marine  
  59  14:57  Marine x4, Medivac  
  59  14:58  Marine  
  59  14:59  Marine  
  61  15:06  Marine  
  57  15:15  Marine  
  57  15:24  Marine  
  47  15:33  Marine  
  40  15:41  Marine  
  31  15:51  Marine  
  31  15:59  Marine  
Show
View Real Time Build Order
Export as new Build Order

skoddet Protoss 

Build Orders:  

Get SALT Encoding   

  12  0:00  Probe  
  13  0:08  Probe  
  14  0:18  Probe  
  15  0:38  Pylon  
  15  0:49  Assimilator  
  15  0:56  Probe  
  16  0:59  Gateway  
  16  1:02  Forge  
  16  1:04  Probe  
  17  1:12  Probe  
  17  1:15  Assimilator  
  18  1:22  Probe  
  19  1:34  Probe  
  20  1:40  Photon Cannon  
  20  1:47  Probe  
  21  1:51  Cybernetics Core  
  21  2:05  Pylon  
  21  2:07  Probe  
  22  2:20  Probe  
  23  2:23  Zealot  
  25  2:41  Protoss Air Weapons Level 1  
  25  2:42  Nexus  
  25  2:57  Probe  
  26  3:06  Pylon  
  26  3:09  Probe  
  27  3:14  Stalker  
  29  3:21  Probe  
  30  3:28  Stargate  
  30  3:33  Probe  
  31  3:44  Sentry  
  31  3:45  Probe  
  34  3:53  Probe, Photon Cannon  
  35  3:58  Probe  
  35  4:01  Probe  
  37  4:10  Probe x2  
  37  4:11  Stargate  
  39  4:19  Assimilator  
  39  4:22  Probe  
  40  4:27  Photon Cannon  
  40  4:30  Probe  
  41  4:34  Probe  
  42  4:40  Protoss Air Armor Level 1, Shield Battery  
  42  4:43  Probe  
  42  4:46  Probe  
  42  4:51  Probe  
  42  4:52  Stalker  
  44  4:58  Probe  
  48  5:00  Probe  
  48  5:03  Assimilator  
  49  5:10  Probe  
  54  5:18  Void Ray  
  54  5:20  Pylon  
  54  5:24  Protoss Shields Level 1  
  54  5:31  Pylon  
  54  5:38  Probe, Pylon  
  59  5:48  Void Ray  
  59  5:51  Robotics Facility  
  59  5:56  Stargate  
  59  6:10  Void Ray  
  63  6:15  Twilight Council  
  63  6:32  Stalker  
  67  6:34  Void Ray  
  73  7:06  Void Ray  
  77  7:10  Void Ray  
  77  7:12  Observer  
  78  7:18  Gateway  
  78  7:20  Gateway  
  78  7:23  Nexus  
  78  7:25  Protoss Ground Weapons Level 1, Photon Cannon  
  74  7:44  Void Ray  
  74  7:48  Fleet Beacon  
  74  7:55  Pylon  
  74  7:56  Pylon  
  74  8:01  Observer  
  74  8:04  Warp Gate  
  75  8:15  Shield Battery  
  75  8:17  Shield Battery  
  75  8:20  Shield Battery  
  75  8:22  Photon Cannon  
  75  8:23  Charge  
  75  8:33  Probe  
  79  8:35  Void Ray  
  80  8:41  Probe  
  81  8:49  Flux Vanes  
  81  8:51  Probe, Carrier  
  82  9:02  Probe  
  88  9:06  Probe x2  
  91  9:10  Probe  
  92  9:18  Assimilator, Probe x3  
  92  9:20  Assimilator  
  95  9:25  Pylon  
  95  9:33  Robotics Bay  
  95  9:34  Pylon  
  95  9:40  Pylon  
  95  9:44  Protoss Ground Armor Level 1  
  95  9:45  Robotics Facility  
  95  9:47  Probe  
  95  9:52  Protoss Air Weapons Level 2  
  96  9:55  Probe  
  96  9:58  Photon Cannon  
  97  10:05  Probe, Tempest  
  102  10:15  Zealot x3  
  102  10:17  Probe  
  109  10:23  Dark Shrine  
  109  10:26  Probe  
  109  10:28  Photon Cannon  
  109  10:33  Extended Thermal Lance  
  109  10:34  Probe  
  110  10:38  Colossus  
  117  10:43  Probe  
  118  10:51  Tempest  
  118  10:55  Probe  
  123  10:58  Zealot x2  
  127  11:07  Colossus  
  133  11:21  Pylon  
  133  11:23  Pylon  
  133  11:25  Pylon  
  137  11:48  Void Ray x2  
  137  11:51  Tempest  
  121  12:25  Tempest x2  
  113  12:34  Tempest  
  117  12:38  Photon Cannon  
  117  12:39  Pylon  
  117  12:42  Shield Battery  
  107  13:00  Stalker x3  
  99  13:08  Tempest  
  85  13:14  Void Ray  
  73  13:41  Tempest  
  73  13:46  Stargate  
  73  13:47  Pylon, Void Ray  
  73  13:48  Pylon  
  73  13:50  Pylon  
  79  14:36  Void Ray x2  
  54  14:56  Pylon  
  54  15:05  Pylon  
  56  15:15  Probe  
  56  15:19  Void Ray x2  
  56  15:21  Pylon  
  57  15:24  Probe  
  57  15:28  Gateway  
  50  15:33  Probe  
  27  15:45  Probe  
  27  15:46  Gateway  
  27  15:48  Gateway  
  28  15:50  Gateway  
  28  15:54  Pylon  
  28  15:57  Probe  
  28  16:03  Gateway  
  21  16:05  Pylon  
  21  16:20  Forge  
  21  16:23  Gateway  
  21  16:26  Forge  
  21  16:29  Dark Templar  
  23  16:41  Dark Templar  
  25  16:47  Gateway  
  25  16:49  Gateway  
  25  16:50  Gateway  
  20  16:58  Gateway  
  17  17:04  Dark Templar  
Show
View Real Time Build Order
Export as new Build Order

Timm Protoss 

Build Orders: 1 Gate Expand 

Get SALT Encoding   

  1  0:00  Probe  
  13  0:07  Probe  
  14  0:26  Probe  
  15  0:32  Pylon  
  15  0:37  Pylon  
  15  0:50  Probe  
  16  0:58  Gateway  
  16  1:02  Forge  
  16  1:09  Probe  
  17  1:21  Probe  
  18  1:41  Nexus  
  18  1:53  Photon Cannon  
  18  1:59  Assimilator  
  18  2:06  Assimilator  
  18  2:09  Pylon  
  18  2:12  Probe  
  19  2:23  Assimilator  
  19  2:24  Probe  
  19  2:27  Pylon  
  20  2:44  Photon Cannon  
  20  2:45  Probe  
  21  2:57  Probe, Pylon  
  22  3:22  Photon Cannon  
  22  3:27  Cybernetics Core  
  22  3:36  Probe  
  22  3:40  Probe  
  24  3:48  Probe  
  24  3:52  Probe  
  26  4:01  Probe  
  27  4:04  Probe  
  27  4:05  Twilight Council  
  27  4:08  Robotics Facility  
  28  4:13  Probe  
  28  4:14  Photon Cannon  
  29  4:25  Assimilator, Probe  
  30  4:36  Photon Cannon  
  30  4:37  Probe  
  31  4:45  Photon Cannon  
  31  4:49  Probe  
  31  4:51  Probe  
  33  4:57  Protoss Shields Level 1  
  33  5:01  Probe  
  33  5:03  Observer, Probe  
  36  5:13  Probe  
  37  5:15  Probe  
  38  5:21  Immortal  
  38  5:25  Probe  
  38  5:26  Protoss Air Weapons Level 1  
  43  5:37  Probe  
  44  5:44  Nexus  
  44  5:49  Probe  
  45  5:50  Assimilator  
  45  6:01  Immortal  
  45  6:02  Probe  
  50  6:06  Pylon  
  50  6:14  Probe, Assimilator  
  50  6:16  Pylon  
  51  6:21  Pylon  
  51  6:24  Pylon  
  51  6:30  Stalker  
  53  6:40  Observer  
  53  6:46  Stargate  
  54  6:48  Stargate  
  54  6:54  Stargate  
  54  6:57  Observer  
  55  7:02  Photon Cannon  
  55  7:04  Pylon  
  55  7:06  Photon Cannon  
  55  7:24  Protoss Air Armor Level 1  
  55  7:25  Shield Battery  
  55  7:33  Probe  
  56  7:45  Probe x2  
  56  7:50  Photon Cannon  
  58  7:53  Photon Cannon  
  58  7:55  Shield Battery  
  58  7:57  Probe x2  
  60  8:09  Probe  
  60  8:10  Probe  
  60  8:12  Void Ray x2  
  74  8:16  Void Ray  
  74  8:19  Protoss Shields Level 2  
  74  8:21  Probe  
  74  8:22  Probe  
  74  8:25  Stalker  
  76  8:34  Probe  
  79  8:45  Stargate  
  79  8:50  Fleet Beacon  
  79  8:53  Photon Cannon  
  79  8:57  Probe  
  80  9:05  Probe  
  80  9:09  Probe  
  90  9:17  Probe  
  90  9:19  Void Ray x2  
  90  9:21  Probe  
  92  9:29  Probe  
  93  9:33  Probe  
  93  9:37  Immortal  
  98  9:41  Probe  
  100  9:45  Probe  
  99  10:10  Charge  
  99  10:16  Immortal  
  103  10:31  Dark Shrine  
  102  10:55  Immortal  
  80  11:34  Observer  
  80  11:36  Pylon  
  81  11:42  Gateway  
  80  11:48  Forge  
  75  12:10  Immortal  
  59  12:32  Gateway  
  58  12:37  Dark Shrine  
  43  13:09  Forge  
  43  13:11  Gateway  
  43  13:39  Void Ray  
  43  13:40  Void Ray x2  
  43  13:57  Pylon  
  43  14:06  Nexus  
  47  14:18  Pylon  
  47  14:21  Assimilator  
  47  14:22  Void Ray  
  55  14:30  Void Ray x2  
  55  14:41  Fleet Beacon  
  55  14:43  Pylon  
  55  14:46  Pylon  
  55  14:56  Void Ray, Cybernetics Core  
  59  15:00  Pylon  
  59  15:03  Void Ray x2  
  67  15:20  Probe  
  68  15:32  Probe  
  71  15:38  Void Ray  
  71  15:43  Void Ray  
  71  15:44  Probe  
  71  15:46  Void Ray  
  70  15:56  Probe  
  32  16:08  Probe  
  23  16:19  Void Ray  
  23  16:21  Void Ray  
  31  16:29  Void Ray  
  31  16:38  Probe  
  31  16:50  Probe  
  32  16:59  Nexus  
  40  17:03  Probe  
  37  17:15  Probe  
Show
View Real Time Build Order
Export as new Build Order

Vperde Terran - Winner!

Build Orders: Mech 

Get SALT Encoding   

  12  0:12  SCV  
  13  0:24  SCV  
  14  0:30  Supply Depot  
  14  0:37  SCV  
  15  0:52  SCV  
  15  0:55  Barracks  
  16  1:04  SCV  
  17  1:10  Refinery  
  17  1:16  SCV  
  18  1:28  SCV  
  19  1:37  Command Center  
  19  1:40  SCV  
  19  1:44  Marine  
  21  1:52  Orbital Command  
  21  1:56  Supply Depot  
  21  2:06  Marine  
  22  2:13  Refinery  
  22  2:19  Factory  
  22  2:21  SCV  
  23  2:30  Engineering Bay  
  23  2:33  SCV  
  24  2:39  Barracks Reactor  
  24  2:45  SCV  
  24  2:50  Orbital Command  
  25  2:58  SCV  
  26  3:04  Factory Tech Lab  
  26  3:10  Factory Tech Lab, SCV  
  26  3:11  Missile Turret  
  27  3:15  Missile Turret  
  27  3:18  SCV  
  28  3:22  SCV  
  29  3:30  Siege Tank, SCV  
  29  3:31  Marine x2  
  34  3:37  Factory  
  34  3:41  SCV  
  35  3:46  Refinery  
  35  3:48  SCV  
  36  3:52  Refinery  
  36  3:54  Missile Turret  
  36  3:58  Missile Turret  
  36  4:00  SCV  
  36  4:01  SCV  
  38  4:08  Supply Depot  
  38  4:12  SCV  
  38  4:14  SCV  
  40  4:17  Mag-Field Accelerator  
  40  4:20  Siege Tank  
  43  4:27  SCV x2  
  45  4:38  Factory Tech Lab  
  45  4:40  SCV  
  45  4:45  Missile Turret, SCV  
  47  4:53  SCV, Siege Tank  
  47  4:58  SCV  
  52  5:02  Command Center  
  52  5:10  Missile Turret  
  52  5:12  SCV x2  
  54  5:18  Armory  
  54  5:24  Armory  
  54  5:32  Supply Depot  
  54  5:36  Supply Depot  
  54  5:50  Supply Depot  
  54  5:54  SCV x2, Supply Depot  
  54  5:55  Factory  
  54  5:56  Factory  
  56  6:03  Missile Turret  
  56  6:06  SCV x2  
  58  6:12  Supply Depot  
  58  6:17  Drilling Claws  
  58  6:18  SCV x2  
  60  6:19  Terran Vehicle Weapons Level 1  
  60  6:23  Orbital Command  
  60  6:27  Missile Turret  
  60  6:30  SCV x2  
  62  6:34  Supply Depot  
  62  6:37  Missile Turret  
  62  6:42  SCV x2  
  64  6:47  Factory  
  64  6:48  Barracks Reactor, Factory  
  64  6:50  Factory  
  64  6:51  Factory Tech Lab x2  
  64  6:56  Cyclone  
  64  6:58  Missile Turret, SCV x2  
  64  6:59  SCV  
  70  7:16  Supply Depot  
  70  7:17  Supply Depot  
  70  7:18  Supply Depot  
  70  7:20  Cyclone x3  
  70  7:21  Supply Depot  
  79  7:33  SCV  
  79  7:36  Refinery x2  
  80  7:37  Cyclone  
  80  7:43  Factory Reactor  
  83  7:52  Cyclone x2  
  83  7:53  Cyclone  
  83  7:55  Widow Mine x4  
  83  7:56  Barracks Tech Lab, SCV  
  101  8:04  SCV x2  
  103  8:09  SCV, Cyclone  
  107  8:16  SCV x2  
  107  8:17  Supply Depot  
  107  8:18  Supply Depot x2  
  107  8:19  Terran Vehicle Weapons Level 2  
  109  8:20  Terran Vehicle And Ship Armor Level 1  
  109  8:21  Smart Servos  
  109  8:22  Infernal Pre-Igniter  
  109  8:24  Cyclone  
  112  8:28  Widow Mine x2  
  112  8:29  Widow Mine x3  
  112  8:31  Widow Mine  
  112  8:33  SCV x2  
  126  8:38  SCV  
  127  8:50  Supply Depot x2  
  127  8:52  Supply Depot  
  127  8:54  Cyclone x3  
  136  9:12  Command Center  
  136  9:13  Missile Turret  
  136  9:21  Missile Turret  
  136  9:23  Refinery  
  136  9:24  Missile Turret  
  136  9:39  Cyclone x4  
  136  9:40  Widow Mine x2  
  136  9:41  Widow Mine x3  
  136  9:42  Missile Turret  
  136  9:44  Refinery  
  158  10:02  Widow Mine  
  158  10:03  Widow Mine x2  
  164  10:11  Cyclone x4  
  154  11:14  Cyclone x3, Widow Mine  
  154  11:15  Cyclone  
  154  11:16  Widow Mine x2  
  169  11:43  Widow Mine  
  169  11:44  Widow Mine x4  
  169  11:46  Cyclone x2  
  169  11:47  Cyclone x2  
  148  12:18  Cyclone x2  
  148  12:19  Cyclone x2  
  150  12:38  Widow Mine  
  150  12:39  Widow Mine  
  145  12:50  Cyclone x2  
  145  12:51  Cyclone x2  
  131  13:02  Widow Mine x4  
  131  13:03  Widow Mine x2  
  143  13:07  Orbital Command  
  143  13:22  Cyclone  
  143  13:23  Cyclone x3, Widow Mine x2  
  141  13:53  Factory  
  141  13:54  Factory x2  
  141  13:55  Cyclone x4  
  153  14:05  Factory  
  153  14:07  Terran Vehicle And Ship Armor Level 2, Terran Vehicle Weapons Level 3  
  153  14:27  Cyclone x4  
  153  14:59  Cyclone x2  
  159  15:15  Cyclone, Factory Tech Lab x3  
  159  15:16  Factory Tech Lab  
  159  15:17  Cyclone  
  161  15:31  Cyclone x2  
  167  15:47  Cyclone  
  167  15:49  Cyclone  
  161  16:03  Cyclone x2  
  167  16:06  Cyclone x3  
  167  16:07  Cyclone  
  179  16:19  Cyclone  
  179  16:21  Cyclone  
  185  16:52  Cyclone x5  
Show
View Real Time Build Order
Export as new Build Order

Dash Terran - Winner!

Build Orders:  

Get SALT Encoding   

  12  0:09  SCV  
  13  0:22  Supply Depot  
  13  0:28  SCV  
  14  0:46  Supply Depot  
  14  0:52  SCV, Barracks  
  15  1:04  SCV  
  15  1:10  Supply Depot  
  16  1:16  SCV  
  17  1:28  SCV  
  17  1:32  Supply Depot  
  18  1:40  SCV  
  19  1:50  Marine  
  19  1:53  SCV  
  21  2:00  Barracks  
  21  2:03  Barracks  
  21  2:05  SCV  
  21  2:06  Refinery  
  22  2:11  Refinery  
  22  2:13  Marine  
  23  2:17  SCV  
  24  2:29  SCV  
  25  2:33  Engineering Bay  
  25  2:41  SCV  
  26  2:53  SCV  
  27  3:05  SCV  
  28  3:09  Barracks Reactor x2  
  28  3:10  Barracks Reactor  
  28  3:17  SCV  
  28  3:18  Barracks  
  29  3:32  SCV  
  29  3:33  Command Center  
  30  3:44  SCV  
  30  3:47  Marine  
  30  3:48  Marine  
  33  3:49  Marine  
  34  3:56  SCV  
  34  3:59  Marine x2  
  37  4:04  Marine  
  37  4:06  Barracks Tech Lab  
  37  4:08  SCV  
  39  4:20  SCV  
  40  4:28  Factory  
  40  4:32  SCV  
  40  4:38  Supply Depot  
  41  4:51  Marine  
  42  4:55  Combat Shield  
  42  5:02  Supply Depot  
  42  5:05  SCV  
  43  5:09  SCV  
  43  5:13  Factory  
  44  5:17  SCV  
  45  5:23  Refinery  
  45  5:24  Supply Depot  
  45  5:25  Orbital Command  
  45  5:26  Refinery  
  45  5:29  SCV  
  46  5:41  Marine x3  
  49  5:43  Marauder  
  49  5:45  Marine  
  49  5:49  SCV  
  53  5:51  Factory Tech Lab  
  53  5:56  SCV  
  54  6:01  Orbital Command  
  54  6:04  Marauder  
  54  6:08  SCV  
  54  6:09  Factory Tech Lab  
  57  6:14  Stimpack  
  57  6:30  SCV  
  58  6:35  Command Center  
  58  6:42  SCV  
  59  6:53  Marine x2  
  59  6:54  Marine, SCV  
  62  6:59  Siege Tank x2  
  69  7:07  SCV  
  71  7:15  SCV  
  71  7:19  SCV  
  72  7:27  SCV  
  73  7:31  SCV, Siege Tank  
  73  7:32  Siege Tank, Marine x4  
  73  7:33  Marine  
  85  7:39  SCV  
  86  7:45  Supply Depot  
  86  7:52  SCV  
  86  7:55  Starport  
  87  8:06  Orbital Command  
  87  8:07  Supply Depot  
  87  8:08  Refinery  
  87  8:09  SCV  
  88  8:13  Refinery  
  88  8:21  SCV  
  88  8:25  Marine x4  
  88  8:27  Marine x3  
  93  8:30  Supply Depot  
  93  8:31  Terran Infantry Weapons Level 1  
  93  8:33  Starport, SCV  
  97  8:36  Cyclone x2  
  103  8:42  Marine  
  103  8:46  Armory  
  104  8:51  SCV  
  104  8:52  SCV  
  106  9:03  Starport Reactor, SCV  
  106  9:04  SCV  
  108  9:12  Starport Tech Lab  
  108  9:15  SCV  
  108  9:16  SCV  
  110  9:29  SCV  
  111  9:34  Marine x4, Armory  
  111  9:35  Marine  
  116  9:40  Raven  
  116  9:41  Medivac  
  116  9:42  Medivac  
  122  10:05  Command Center  
  122  10:11  Medivac  
  124  10:25  Terran Infantry Armor Level 1  
  124  10:38  Marine  
  125  10:46  Supply Depot  
  125  11:04  Terran Vehicle And Ship Armor Level 1, Terran Ship Weapons Level 1  
  125  11:07  Marine x4  
  125  11:08  Medivac, Raven  
  125  11:09  Supply Depot  
  133  11:17  Marine x3  
  132  11:25  Marine x2  
  132  11:32  Supply Depot  
  134  11:34  Marine  
  134  11:35  Marine  
  130  11:55  Supply Depot  
  117  12:19  Terran Infantry Weapons Level 2  
  108  12:58  Terran Vehicle Weapons Level 1  
  62  13:27  SCV  
  62  13:32  Marine x3  
  62  13:33  Marine x4  
  70  13:39  SCV  
  71  13:44  Medivac x2  
  71  13:47  Raven  
  77  13:50  Marine x4  
  77  13:51  Marine, Reaper, SCV, Marauder  
  77  13:52  Siege Tank  
  77  13:54  Siege Tank  
  92  14:03  SCV  
  92  14:08  Marine x5  
  98  14:11  Refinery x2  
  98  14:13  Marauder  
  98  14:14  Medivac x2  
  98  14:15  SCV  
  105  14:21  Raven  
  105  14:23  Marine  
  108  14:24  Siege Tank  
  108  14:25  Marine  
  108  14:26  Marine x4  
  108  14:27  Siege Tank, SCV  
  120  14:34  Marauder  
  120  14:35  Concussive Shells  
  122  14:39  SCV  
  122  14:41  Marine  
  122  14:43  Marine x2  
  122  14:44  Marine x3, Medivac  
  131  14:56  Raven, Marauder, Siege Tank  
  131  14:58  Marine  
  131  14:59  Siege Tank  
  142  15:01  Marine x3  
  142  15:02  Marine x2  
  147  15:14  Interference Matrix  
  147  15:16  Marine x2  
  147  15:19  Marine x4  
  147  15:20  Marine  
  154  15:29  Siege Tank  
  154  15:31  Siege Tank  
  154  15:34  Marine x2  
  162  15:37  Marine x2  
  161  16:01  Siege Tank  
  161  16:03  Cyclone  
Show
View Real Time Build Order
Export as new Build Order

Miami Protoss - Winner!

Build Orders: Nexus First 

Get SALT Encoding   

  12  0:04  Probe  
  13  0:40  Probe  
  14  0:57  Nexus  
  14  1:00  Pylon  
  14  1:01  Probe  
  15  1:18  Probe  
  16  1:54  Gateway  
  16  1:55  Forge  
  16  1:58  Probe  
  17  2:02  Assimilator  
  17  2:06  Assimilator  
  17  2:08  Assimilator  
  17  2:10  Probe  
  17  2:12  Assimilator  
  18  2:22  Probe  
  19  2:35  Probe  
  20  2:41  Probe  
  21  2:47  Probe  
  22  2:52  Pylon  
  22  2:53  Probe  
  22  2:55  Zealot  
  22  2:57  Pylon  
  25  3:03  Cybernetics Core  
  25  3:05  Probe  
  26  3:15  Probe  
  27  3:20  Probe  
  27  3:22  Zealot  
  30  3:28  Probe  
  30  3:32  Probe  
  32  3:35  Photon Cannon  
  32  3:42  Probe  
  32  3:44  Stargate  
  32  3:45  Probe  
  34  3:50  Probe  
  35  3:58  Probe  
  35  4:03  Pylon  
  36  4:11  Probe  
  37  4:22  Twilight Council  
  37  4:23  Probe  
  38  4:32  Pylon  
  42  4:39  Charge  
  42  4:40  Protoss Ground Weapons Level 1, Probe  
  42  4:42  Void Ray  
  43  4:52  Probe  
  44  5:00  Probe  
  45  5:08  Probe  
  45  5:09  Protoss Air Weapons Level 1  
  45  5:12  Zealot  
  48  5:17  Pylon  
  48  5:18  Probe  
  49  5:22  Pylon  
  53  5:31  Probe, Void Ray  
  54  5:43  Probe  
  54  5:48  Robotics Facility  
  55  5:55  Probe  
  56  6:02  Photon Cannon  
  60  6:12  Probe  
  60  6:14  Pylon, Void Ray  
  61  6:28  Pylon, Probe  
  61  6:29  Zealot  
  64  6:35  Observer  
  65  6:41  Protoss Ground Armor Level 1  
  65  6:49  Photon Cannon  
  65  6:53  Observer  
  70  6:55  Photon Cannon  
  70  6:57  Void Ray  
  70  7:06  Nexus  
  70  7:18  Protoss Air Armor Level 1  
  70  7:25  Assimilator  
  70  7:29  Shield Battery  
  70  7:44  Void Ray  
  70  7:55  Pylon  
  70  7:58  Stargate  
  70  7:59  Stargate  
  70  8:01  Fleet Beacon  
  70  8:04  Pylon  
  70  8:07  Photon Cannon  
  70  8:23  Photon Cannon, Protoss Shields Level 1  
  74  8:27  Void Ray  
  74  8:33  Shield Battery  
  74  8:39  Pylon, Probe  
  75  8:49  Assimilator  
  75  8:52  Probe, Flux Vanes  
  75  8:54  Void Ray x2  
  84  8:59  Protoss Air Weapons Level 2  
  84  9:04  Probe  
  89  9:10  Void Ray  
  89  9:28  Observer  
  89  9:37  Void Ray x2  
  97  9:56  Tempest  
  101  10:14  Tempest x2, Probe  
  110  10:22  Probe  
  110  10:24  Protoss Ground Weapons Level 2  
  111  10:32  Probe  
  112  10:39  Tempest  
  116  10:44  Probe, Pylon  
  117  10:56  Probe  
  118  10:57  Tempest x2  
  126  11:04  Shield Battery  
  126  11:08  Photon Cannon  
  126  11:20  Pylon  
  126  11:22  Tempest  
  130  11:30  Unknown  
  130  11:33  Protoss Air Armor Level 2  
  130  11:34  Zealot  
  132  11:40  Tempest x2  
  136  12:01  Zealot  
  137  12:15  Tempest  
  141  12:22  Tempest  
  141  12:23  Tempest  
  141  12:24  Photon Cannon  
  141  12:28  Photon Cannon  
  143  12:49  Protoss Ground Armor Level 2  
  143  12:58  Tempest  
  143  13:05  Tempest  
  116  13:56  Tempest x3  
  128  14:04  Zealot  
  128  14:09  Immortal  
  130  14:31  Zealot  
  128  14:39  Tempest x3  
  132  14:48  Immortal  
  136  14:58  Zealot  
  136  15:22  Tempest x3  
  148  15:36  Zealot  
  148  15:38  Nexus  
  148  15:48  Pylon  
  148  15:53  Pylon  
  148  16:04  Pylon  
  148  16:06  Tempest, Immortal  
  148  16:10  Pylon x2  
  148  16:11  Tempest, Zealot  
  162  16:22  Tempest  
  166  16:38  Zealot  
  167  16:49  Tempest  
  167  16:53  Pylon  
  167  16:54  Tempest, Pylon  
  171  16:57  Assimilator  
  175  17:04  Assimilator  
  175  17:05  Tempest, Zealot  
  181  17:11  Observer  
  178  17:29  Observer  
  183  17:58  Pylon  
  183  18:00  Assimilator  
  183  18:03  Assimilator x2  
  183  18:05  Nexus  
Tags
 
Add a new tag
Caveats
  • Supply blocks, unpowered buildings, or Contaminate may cause inaccurate times.
  • Supply counts are checked every 10 seconds.